 Dungeon Crawl Stone Soup version 0.30.1-9-gdf580d7c3d (webtiles) character file.

Game seed: 8873903682868548520

180120 croobank the Tycoon (level 18, -7/142 HPs)
             Began as a Gnoll Summoner on Sept 22, 2023.
             Was an Initiate of Gozag.
             Killed from afar by Bai Suzhen (52 damage)
             ... with a torrent of water
             ... on level 3 of the Spider Nest on Sept 24, 2023.
             The game lasted 02:43:43 (45114 turns).

croobank the Tycoon (Gnoll Summoner)               Turns: 45114, Time: 02:43:43

Health: -7/142     AC: 20    Str:  9    XL:     18   Next: 26%
Magic:  1/35       EV: 15    Int: 22    God:    Gozag
Gold:   10054      SH:  5    Dex: 12    Spells: 5/44 levels left

rFire   . . .        S - +12 pair of quick blades "Gyre" and "Gimble" {protect}
rCold   + . .        (shield currently unavailable)
rNeg    . . .        J - +3 ring mail {rC+}
rPois   +            K - melded +2 hat {Will+}
rElec   .            c - scarf {+Inv}
rCorr   .            r - +1 pair of gloves {infuse}
SInv    +            h - melded +4 pair of boots of a Gauntlet {rN+ Regen+ Int+4}
Will    ++...        D - amulet of reflection
Stlth   ++           y - ring "Deit" {rPois Will+}
HPRegen 0.43/turn    L - ring of see invisible
MPRegen 0.24/turn

%: reflection, infuse magic (1 MP)
@: mighty, appendages, silenced, under a protective aura, studying Conjurations,
very slow
A: horns 2, talons 2, fangs 1, strong nose, distributed training
a: End Transformation, Renounce Religion, Evoke Invisibility


You were on level 3 of the Spider Nest.
You worshipped Gozag.
Gozag was extremely pleased with you.
You had temporarily grown beastly horns and talons.
You visited 5 branches of the dungeon, and saw 26 of its levels.
You also visited: Gauntlet and Ice Cave.

You collected 12258 gold pieces.
You spent 1260 gold pieces at shops.
You paid 944 gold pieces to Gozag.

Inventory:

Hand Weapons
 w - a +5 double sword of freezing
 B - a +5 morningstar of protection
 H - the +1 dagger "Ziol" {pain, Will+}
   (You found it on level 8 of the Dungeon)

   Will:      It increases your willpower.
 S - the +12 pair of quick blades "Gyre" and "Gimble" (weapon) {protect}
   (You found it in a Gauntlet)
Armour
 c - a scarf of invisibility (worn)
 e - a +1 cloak of cold resistance
 h - the +4 pair of boots of a Gauntlet (melded) {rN+ Regen+ Int+4}
   (You found it on level 12 of the Dungeon)

   Int:       It affects your intelligence (+4).
   rN:        It protects you from negative energy.
   Regen:     It increases your rate of health regeneration.
 i - a +1 scale mail of fire resistance
 r - a +1 pair of gloves of infusion (worn)
 u - a +2 pair of gloves
 I - a +2 robe of resistance
 J - a +3 ring mail of cold resistance (worn)
 K - a +2 hat of willpower (melded)
Magical Staves
 o - a staff of air
Jewellery
 d - a ring of poison resistance
 y - the ring "Deit" (left hand) {rPois Will+}
   (You found it in a Gauntlet)

   [ring of willpower]

   rPois:     It protects you from poison.
   Will:      It increases your willpower.
 D - an amulet of reflection (around neck)
 L - a ring of see invisible (right hand)
 M - a ring of positive energy
 N - the ring of the Solstice {rC+ Int+6 Slay+3}
   (You found it on level 10 of the Dungeon)

   [ring of protection from cold]

   Int:       It affects your intelligence (+6).
   Slay:      It affects your accuracy & damage with ranged weapons and melee
   (+3).
   rC:        It protects you from cold.
 O - a ring of positive energy
 U - a ring of protection from fire
 W - a +6 ring of dexterity
 Z - a ring of protection from cold
Wands
 k - a wand of acid (5)
 v - a wand of roots (19) (quivered)
 G - a wand of flame (67)
 Q - a wand of digging (10)
Scrolls
 a - 2 scrolls of enchant weapon
 f - 16 scrolls of teleportation
 t - 5 scrolls of identify
 x - 3 scrolls of fog
 z - 6 scrolls of vulnerability
 A - 6 scrolls of immolation
 F - a scroll of poison
 R - 2 scrolls of magic mapping
 T - 2 scrolls of amnesia
 V - 6 scrolls of blinking
 Y - a scroll of butterflies
Potions
 g - a potion of magic
 j - 16 potions of curing
 l - 6 potions of lignification
 m - 2 potions of ambrosia
 n - 3 potions of brilliance
 p - 7 potions of haste
 s - 5 potions of resistance
 E - 2 potions of cancellation
 P - 3 potions of berserk rage
Miscellaneous
 b - a lightning rod (4/4)
 X - a phial of floods


   Skills:
 + Level 12.7 Fighting
 + Level 12.7 Short Blades
 + Level 12.7 Long Blades
 + Level 12.7 Axes
 + Level 12.7 Maces & Flails
 + Level 12.7 Polearms
 + Level 12.7 Staves
 + Level 12.7 Ranged Weapons
 + Level 12.7 Throwing
 + Level 12.7 Armour
 + Level 13.4 Dodging
 + Level 13.3 Stealth
 + Level 12.7 Shields
 + Level 12.7 Unarmed Combat
 + Level 13.5 Spellcasting
 + Level 12.3 Conjurations
 + Level 10.7 Hexes
 + Level 12.8 Summonings
 + Level 10.7 Necromancy
 + Level 10.7 Translocations
 + Level 10.7 Transmutations
 + Level 10.7 Fire Magic
 + Level 10.7 Ice Magic
 + Level 10.7 Air Magic
 + Level 10.7 Earth Magic
 + Level 10.7 Poison Magic
 + Level 13.7 Invocations
 + Level 12.7 Evocations


You had 5 spell levels left.
You knew the following spells:

 Your Spells              Type           Power      Damage    Failure   Level
a - Summon Small Mammal   Summ           100%       N/A       1%          1
b - Call Imp              Summ           100%       N/A       1%          2
c - Call Canine Familiar  Summ           63%        N/A       1%          3
d - Summon Guardian Gole  Hex/Summ       61%        N/A       1%          3
e - Summon Lightning Spi  Summ/Air       61%        N/A       1%          4
f - Dispel Undead         Necr           58%        3d21      1%          4
g - Swiftness             Air            58%        N/A       1%          3
h - Iskenderun's Mystic   Conj/Tloc      60%        2d13      1%          4
i - Malign Gateway        Summ/Tloc      30%        N/A       52%         7
j - Silence               Hex/Air        29%        N/A       3%          5
m - Beastly Appendage     Tmut           100%       N/A       1%          1
n - Wereblood             Tmut           58%        N/A       1%          2

Your spell library contained the following spells:

 Spells                   Type           Power      Damage    Failure   Level
 Apportation              Tloc           100%       N/A       1%          1
 Freeze                   Ice            100%       1d10      1%          1
 Kiss of Death            Conj/Necr      100%       2d13      1%          1
 Magic Dart               Conj           100%       1d8       1%          1
 Necrotise                Necr           100%       1d9       1%          1
 Slow                     Hex            100%       N/A       1%          1
 Sting                    Tmut/Pois      100%       1d8       1%          1
 Cigotuvi's Dreadful Rot  Necr/Pois/Air  100%       N/A       1%          2
 Ensorcelled Hibernation  Hex/Ice        100%       N/A       1%          2
 Passwall                 Tmut/Erth      48%        N/A       1%          2
 Poisonous Vapours        Pois/Air       100%       N/A       1%          2
 Confusing Touch          Hex            58%        N/A       1%          3
 Dazzling Flash           Conj/Hex       100%       N/A       1%          3
 Frozen Ramparts          Ice            100%       1d16      1%          3
 Hailstorm                Conj/Ice       60%        3d13      1%          3
 Mephitic Cloud           Conj/Pois/Air  59%        N/A       1%          3
 Portal Projectile        Hex/Tloc       100%       N/A       1%          3
 Spider Form              Tmut/Pois      58%        N/A       1%          3
 Tukima's Dance           Hex            58%        N/A       1%          3
 Vampiric Draining        Necr           58%        2d10      1%          3
 Volatile Blastmotes      Fire/Tloc      100%       2d18      1%          3
 Fulminant Prism          Conj/Hex       30%        3d15      1%          4
 Ice Form                 Ice/Tmut       58%        N/A       1%          4
 Olgreb's Toxic Radiance  Pois           58%        N/A       1%          4
 Passage of Golubria      Tloc           58%        N/A       1%          4
 Freezing Cloud           Conj/Ice/Air   29%        6-21      2%          5
 Agony                    Necr           58%        N/A       3%          5
 Blade Hands              Tmut           29%        N/A       3%          5
 Lee's Rapid Deconstruct  Erth           29%        3d15*     3%          5
 Starburst                Conj/Fire      30%        6d9       12%         6
 Death Channel            Necr           29%        N/A       17%         6
 Eringya's Noxious Bog    Tmut/Pois      29%        N/A       17%         6
 Statue Form              Tmut/Erth      38%        N/A       17%         6
 Summon Horrible Things   Summ           31%        N/A       97%         8
 Lehudib's Crystal Spear  Conj/Erth      30%        10d8      99%         8
 Simulacrum               Ice/Necr       Unusable   N/A       N/A         6

Dungeon Overview and Level Annotations

Branches:
Dungeon (15/15)            Temple (1/1) D:6            Lair (5/5) D:10
 Shoals (0/4) Lair:3       Spider (3/4) Lair:2        Slime (0/5) Lair:4
    Orc (2/2) D:10            Elf (0/3) Orc:2        Vaults (0/5) D:13
 Depths (0/4) D:15          IceCv (visited)         Gauntlet (visited)

Altars:
Ashenzari
Cheibriados
Dithmenos
Elyvilon
Fedhas
Gozag
Hepliaklqana
Kikubaaqudgha
Makhleb
Nemelex Xobeh
Okawaru
Qazlal
Ru
Sif Muna
Trog
Uskayaw
Vehumet
Wu Jian
Xom
Yredelemnul
Zin
The Shining One

Shops:
D:8 *   D:9 =   D:12 ([[   Orc:2 !(=(?

Portals:
Trove: D:10 (give +4 ice dragon scales)

Annotations:
D:10 2 transporters, booth's ghost, journeyman HOFi
D:14 3 runed translucent doors, laqueoix's ghost, journeyman DsGl
Lair:2 2 transporters, turdburglar's ghost, journeyman TrFi
Lair:3 3 runed translucent doors, LynnLen's ghost, journeyman SpEn
Spider:3 Bai Suzhen


Innate Abilities, Weirdness & Mutations

You have temporarily grown beastly horns and talons.
You have very sharp teeth.
Your uncanny sense of smell can sniff out nearby items.
Your experience applies equally to all skills.


Message History

Bai Suzhen breathes water at you. The torrent of water misses you.
The wave splashes down.
You hit Bai Suzhen. You claw Bai Suzhen. You hit Bai Suzhen but do no damage.
You are engulfed in a thunderstorm.
Your unstable footing causes you to fumble your attack.
You are engulfed in a thunderstorm.
You puncture Bai Suzhen! You claw Bai Suzhen, but do no damage.
You puncture Bai Suzhen!
You are engulfed in a thunderstorm.
You hit Bai Suzhen but do no damage. Your kick misses Bai Suzhen.
You hit Bai Suzhen but do no damage. Bai Suzhen completely misses you.
Bai Suzhen claws you but does no damage.
Bai Suzhen barely misses you.
Your unstable footing causes you to fumble your attack.
Your unstable footing causes you to fumble your attack.
Your unstable footing causes you to fumble your attack.
Bai Suzhen misses you. Bai Suzhen claws you.
* * * LOW HITPOINT WARNING * * *
Bai Suzhen tramples you but does no damage.
Your unstable footing causes you to fumble your attack.
You are engulfed in a thunderstorm.
* * * LOW HITPOINT WARNING * * *
You hit Bai Suzhen.
You headbutt Bai Suzhen, but do no damage.
You puncture Bai Suzhen!
You are engulfed in a thunderstorm.
* * * LOW HITPOINT WARNING * * *
You feel much better. Bai Suzhen barely misses you.
You block Bai Suzhen's attack. Bai Suzhen closely misses you.
Your unstable footing causes you to fumble your attack.
Bai Suzhen misses you. Bai Suzhen claws you. Bai Suzhen tramples you!
* * * LOW HITPOINT WARNING * * *
You hold your ground!
You hit Bai Suzhen but do no damage. Your kick misses Bai Suzhen.
You headbutt Bai Suzhen. You hit Bai Suzhen but do no damage.
You are engulfed in a thunderstorm.
* * * LOW HITPOINT WARNING * * *
You feel much better. Bai Suzhen breathes water at you.
The torrent of water hits you!!!
You die...
Your body crumbles into a pile of gold.

## #.#. #.. #.. #.######
#.#....# ##......# ##
##......#### #..#
#...##....^######^...#
###...####....##@D......
.#.....#
#^....~ยงยงยง..#.#
..#......##...#...####
#.####....##.##......#
##.. .....#.##..^.....
.#^#.#^....#####..###..
#### ####### #### #


You could see Bai Suzhen (clouds, unsilenced, catching breath).

Vanquished Creatures
  Mlioglotl (Spider:1)
  A storm dragon (D:12)
  Kirke (D:13)
  Roxanne (D:15)
  3 emperor scorpions
  2 frost giants (IceCv)
  3 ghost moths
  2 broodmothers (Spider:2)
  Azrael (D:15)
  A white draconian (IceCv)
  A spark wasp (Spider:2)
  Snorg (D:13)
  Josephine (Spider:1)
  2 entropy weavers (Spider:2)
  A hell beast (Gauntlet)
  A jorogumo (Spider:3)
  4 ogre magi
  An ice dragon (IceCv)
  5 centaur warriors
  A hydra (D:13)
  5 boulder beetles
  4 ironbound frosthearts (IceCv)
  A death yak (Lair:3)
  5 two-headed ogres (D:15)
  A deep troll earth mage (D:12)
  3 tengu warriors
  A skyshark (Lair:3)
  5 pharaoh ants
  4 orb spiders
  A sun moth (Spider:2)
  An orange crystal statue (IceCv)
  7 steelbarb worms
  A necromancer (D:15)
  An orc knight (D:10)
  A deep elf zephyrmancer (D:15)
  25 ugly things
  11 wolf spiders
  10 orc sorcerers
  2 deep elf pyromancers
  5 cyclopes
  3 manticores
  A wolf spider zombie (D:14)
  3 moths of wrath (Spider:2)
  A naga mage (D:15)
  2 centaur zombies
  A black mamba (Lair:5)
  An elephant (Lair:5)
  A cane toad (Lair:5)
  6 demonic crawlers
  2 gargoyles (D:12)
  A water nymph (Lair:3)
  A centaur skeleton (D:15)
  A rime drake (shapeshifter) (D:14)
  An unseen horror (D:12)
  2 torpor snails
  13 rime drakes
  A yaktaur (D:12)
  3 komodo dragons
  A freezing wraith (D:13)
  3 trolls
  A tengu conjurer (D:13)
  31 polar bears
  8 tarantellas
  A raiju (Lair:5)
  4 blink frogs
  6 slime creatures
  2 centaur simulacra
  5 wraiths
  12 yaks
  10 jumping spiders
  A vampire (D:12)
  A shadow (D:12)
  A hog (D:13)
  2 fire elementals (D:15)
  9 culicivoras
  44 redbacks
  3 basilisks
  5 wargs
  5 water moccasins
  12 hell hounds
  2 acid dragons
  7 orc warriors
  A meliai simulacrum (D:15)
  11 black bears (Lair:5)
  An ogre (D:15)
  12 wolves
  4 centaurs
  3 bullfrogs
  2 scorpions
  2 hornet simulacra (D:15)
  A killer bee (D:9)
  2 nameless horrors
  A howler monkey (D:13)
  A gnoll bouda (D:7)
  4 orc priests
  An iguana (D:6)
  A hell rat (Lair:5)
  17 orc wizards
  Robin (D:3)
  A gnoll (D:10)
  An adder (D:5)
  2 dart slugs (D:3)
  31 orcs
  A giant cockroach (D:4)
  4 hobgoblins
  A quokka (D:2)
  3 ball pythons
  2 bats
  2 frilled lizards
  5 goblins
  3 kobolds
  A rat (D:8)
470 creatures vanquished.

Vanquished Creatures (collateral kills)
  Gastronok (D:9)
  An iron dragon (D:12)
  A ghost moth (Spider:2)
  A yaktaur captain (D:12)
  A fire dragon (Lair:5)
  2 hydras
  3 ogre magi
  6 boulder beetles
  3 two-headed ogres
  A tengu warrior (D:13)
  5 death yaks
  Urug (Lair:3)
  A skeletal warrior (D:12)
  A pharaoh ant (Lair:2)
  A necromancer (D:12)
  An orc knight (Orc:2)
  An orc sorcerer (Orc:2)
  5 cyclopes
  A manticore (D:12)
  6 ugly things
  3 oklob plants (Lair:4)
  Joseph (D:8)
  2 elephants (Lair:5)
  Maurice (D:8)
  A gargoyle (D:12)
  5 cane toads
  2 unseen horrors
  Maggie (Lair:2)
  4 rime drakes (Lair:5)
  A yaktaur (D:12)
  A kobold demonologist (D:12)
  An efreet (D:13)
  4 komodo dragons
  2 tengu conjurers
  3 trolls
  3 meliai (D:12)
  A polar bear (IceCv)
  12 blink frogs
  A raiju (Lair:5)
  3 hornets
  A dream sheep (shapeshifter) (D:12)
  A slime creature (D:8)
  A jumping spider (Lair:2)
  A shadow (D:11)
  Sigmund (D:6)
  4 wraiths
  26 yaks
  3 hogs (D:13)
  2 steam dragons
  Grum (D:11)
  5 basilisks
  2 wyverns
  A redback (Lair:2)
  6 wargs
  An acid dragon (Lair:5)
  10 water moccasins
  2 hell hounds (Lair:5)
  7 orc warriors
  A black bear (D:6)
  A sky beast (shapeshifter) (D:13)
  A sky beast (D:7)
  A boggart (D:12)
  2 ogres
  5 centaurs
  7 wolves
  A kobold brigand (D:8)
  Blork the orc (D:6)
  A phantom (D:4)
  2 bullfrogs
  A scorpion (D:6)
  4 gnoll sergeants
  3 killer bees
  4 spriggan skeletons (D:9)
  5 howler monkeys
  4 hounds
  9 orc priests
  12 iguanas
  9 orc wizards
  4 hell rats
  9 gnolls
  3 adders
  A shadow imp (D:8)
  2 white imps
  3 worms
  A dart slug (D:1)
  27 orcs
  3 ball pythons
  8 endoplasms
  A giant cockroach (D:3)
  7 goblins
  4 hobgoblins
  11 jackals (D:1)
  3 bats (D:1)
  A frilled lizard (D:1)
  9 kobolds
  9 rats
350 creatures vanquished.

Vanquished Creatures (others)
  A frost giant (D:12)
  A stone giant (D:12)
  A minotaur (Gauntlet)
  An ettin (D:12)
  A great orb of eyes (Gauntlet)
  2 hydras
  A centaur warrior (D:13)
  6 two-headed ogres
  A boulder beetle (Lair:3)
  2 death yaks (Lair:1)
  A swamp dragon (Lair:5)
  4 deep elf pyromancers
  A wolf spider (D:13)
  An ugly thing (D:13)
  An oklob plant (Lair:4)
  A cyclops (D:12)
  4 manticores
  An elephant (Lair:5)
  An orc sorcerer (Orc:1)
  A black mamba (Lair:3)
  A gargoyle (D:13)
  A minotaur zombie (Gauntlet)
  2 komodo dragons (Lair:3)
  A komodo dragon (shapeshifter) (D:13)
  The ghost of sheffield53 the Thaumaturge, a novice DECj of Vehumet (D:5)
  2 trolls
  A hornet (D:11)
  2 raiju (Lair:5)
  2 blink frogs (Lair:1)
  A slime creature (D:12)
  A wyvern (D:8)
  20 yaks
  A steam dragon (Lair:5)
  Edmund (D:6)
  Menkaure (D:7)
  A warg (D:10)
  An acid dragon (D:11)
  A water moccasin (D:5)
  3 orc warriors
  An ogre (Orc:2)
  3 wolves (Lair:5)
  A centaur (D:8)
  4 wights
  A troll skeleton (D:9)
  A spriggan skeleton (D:9)
  2 killer bees (D:9)
  An orc priest (Orc:2)
  Ijyb (D:5)
  2 iguanas
  7 hell rats
  3 gnolls (D:8)
  A worm (D:8)
  3 orcs
108 creatures vanquished.

Grand Total: 928 creatures vanquished

Notes
Turn   | Place    | Note
-------+----------+-------------------------------------------
     0 | D:1      | croobank the Gnoll Summoner began the quest for the Orb.
     0 | D:1      | Reached XP level 1. HP: 13/13 MP: 6/6
     9 | D:1      | Noticed an electric eel
    41 | D:1      | Reached XP level 2. HP: 16/19 MP: 7/7
    44 | D:1      | Learned a level 2 spell: Call Imp
   784 | D:1      | Reached skill level 5 in Spellcasting
   784 | D:1      | Reached XP level 3. HP: 24/25 MP: 5/9
   801 | D:1      | Learned a level 3 spell: Call Canine Familiar
  1002 | D:1      | Reached skill level 1 in Invocations
  1356 | D:2      | Reached skill level 1 in Fighting
  1356 | D:2      | Reached skill level 1 in Short Blades
  1356 | D:2      | Reached skill level 1 in Long Blades
  1356 | D:2      | Reached skill level 1 in Axes
  1356 | D:2      | Reached skill level 1 in Maces & Flails
  1356 | D:2      | Reached skill level 1 in Polearms
  1356 | D:2      | Reached skill level 1 in Staves
  1356 | D:2      | Reached skill level 1 in Ranged Weapons
  1356 | D:2      | Reached skill level 1 in Throwing
  1356 | D:2      | Reached skill level 1 in Armour
  1356 | D:2      | Reached skill level 1 in Shields
  1356 | D:2      | Reached skill level 1 in Unarmed Combat
  1356 | D:2      | Reached skill level 1 in Evocations
  1458 | D:2      | Identified the +0 leather armour of the Blind Marksman
                  | {-Tele rF+ rN+ Dex+3}
  1609 | D:2      | Reached XP level 4. HP: 32/32 MP: 3/11
  1859 | D:2      | Reached skill level 1 in Conjurations
  1859 | D:2      | Reached skill level 1 in Hexes
  1859 | D:2      | Reached skill level 1 in Necromancy
  1859 | D:2      | Reached skill level 1 in Translocations
  1859 | D:2      | Reached skill level 1 in Transmutations
  1859 | D:2      | Reached skill level 1 in Fire Magic
  1859 | D:2      | Reached skill level 1 in Ice Magic
  1859 | D:2      | Reached skill level 1 in Air Magic
  1859 | D:2      | Reached skill level 1 in Earth Magic
  1859 | D:2      | Reached skill level 1 in Poison Magic
  2461 | D:3      | Learned a level 3 spell: Summon Guardian Golem
  3118 | D:3      | Found a hide-covered altar of Uskayaw.
  3187 | D:4      | Noticed Robin
  3197 | D:4      | Reached XP level 5. HP: 24/37 MP: 6/12
  3292 | D:3      | Killed Robin
  3586 | D:4      | Found a blossoming altar of Fedhas.
  3765 | D:4      | Noticed a phantom
  3780 | D:4      | Killed a phantom
  3781 | D:4      | Reached XP level 6. HP: 44/44 MP: 8/14
  4072 | D:4      | Reached skill level 5 in Dodging
  4197 | D:4      | Found a radiant altar of Vehumet.
  4264 | D:5      | Entered Level 5 of the Dungeon
  4449 | D:5      | Learned a level 4 spell: Summon Lightning Spire
  4784 | D:5      | Found a runed translucent door.
  4784 | D:5      | Noticed sheffield53's ghost (novice DECj)
  4810 | D:5      | Killed sheffield53's ghost
  4811 | D:5      | Reached XP level 7. HP: 51/51 MP: 4/15
  5101 | D:5      | Reached skill level 5 in Stealth
  5616 | D:5      | Noticed Ijyb
  5630 | D:5      | Killed Ijyb
  5640 | D:5      | Reached XP level 8. HP: 58/58 MP: 3/16
  6114 | D:6      | Noticed a wyvern
  6125 | D:6      | Killed a wyvern
  6194 | D:6      | Noticed Sigmund
  6218 | D:6      | Killed Sigmund
  6389 | D:6      | Learned a level 1 spell: Beastly Appendage
  6392 | D:6      | Learned a level 2 spell: Wereblood
  6405 | D:6      | Found a staircase to the Ecumenical Temple.
  6429 | Temple   | Entered the Ecumenical Temple
  6429 | Temple   | Found a transporter.
  6429 | Temple   | Found a transporter.
  6434 | Temple   | Found a transporter.
  6434 | Temple   | Found a transporter.
  6510 | D:6      | Noticed Blork the orc
  6530 | D:6      | Killed Blork the orc
  6735 | D:6      | Noticed Edmund
  6751 | D:6      | Killed Edmund
  6924 | D:6      | Reached XP level 9. HP: 65/65 MP: 18/18
  8093 | D:7      | Noticed Menkaure
  8104 | D:7      | Killed Menkaure
  8377 | D:8      | Found Gozag's Platinum Reserve.
  8383 | D:8      | Found an opulent altar of Gozag.
  8396 | D:8      | Became a worshipper of Gozag Ym Sagoz the Greedy
  8429 | D:8      | Reached skill level 5 in Invocations
  8514 | D:8      | Killed Maurice
  8588 | D:8      | Noticed Joseph
  8606 | D:8      | Reached skill level 5 in Fighting
  8606 | D:8      | Reached skill level 5 in Short Blades
  8606 | D:8      | Reached skill level 5 in Long Blades
  8606 | D:8      | Reached skill level 5 in Axes
  8606 | D:8      | Reached skill level 5 in Maces & Flails
  8606 | D:8      | Reached skill level 5 in Polearms
  8606 | D:8      | Reached skill level 5 in Staves
  8606 | D:8      | Reached skill level 5 in Ranged Weapons
  8606 | D:8      | Reached skill level 5 in Throwing
  8606 | D:8      | Reached skill level 5 in Armour
  8606 | D:8      | Reached skill level 5 in Shields
  8606 | D:8      | Reached skill level 5 in Unarmed Combat
  8606 | D:8      | Reached skill level 5 in Evocations
  8606 | D:8      | Reached XP level 10. HP: 44/74 MP: 8/20
  8619 | D:8      | Killed Joseph
  8797 | D:8      | Found a glowing silver altar of Zin.
  8803 | D:8      | Found an ancient bone altar of Kikubaaqudgha.
  8808 | D:8      | Found a glowing golden altar of the Shining One.
  9530 | D:8      | Noticed a moth of wrath
  9533 | D:8      | Found a bloodstained altar of Trog.
  9660 | D:8      | Identified the +1 dagger "Ziol" {pain, Will+}
  9940 | D:8      | Killed an unseen horror
 10640 | D:9      | Noticed Gastronok
 10652 | D:9      | Killed Gastronok
 10653 | D:9      | Reached skill level 5 in Conjurations
 10653 | D:9      | Reached skill level 5 in Hexes
 10653 | D:9      | Reached skill level 5 in Necromancy
 10653 | D:9      | Reached skill level 5 in Translocations
 10653 | D:9      | Reached skill level 5 in Transmutations
 10653 | D:9      | Reached skill level 5 in Fire Magic
 10653 | D:9      | Reached skill level 5 in Ice Magic
 10653 | D:9      | Reached skill level 5 in Air Magic
 10653 | D:9      | Reached skill level 5 in Earth Magic
 10653 | D:9      | Reached skill level 5 in Poison Magic
 10653 | D:9      | Reached XP level 11. HP: 24/81 MP: 15/23
 11270 | D:9      | Found Hixeega's Jewellery Shoppe.
 11275 | D:9      | Bought a ring of see invisible for 195 gold pieces
 12099 | D:10     | Entered Level 10 of the Dungeon
 12282 | D:10     | Found a staircase to the Orcish Mines.
 12388 | D:10     | Identified the ring of the Solstice {rC+ Int+6 Slay+3}
 12445 | D:10     | Found a transporter.
 12453 | D:10     | Found a transporter.
 12548 | D:10     | Noticed booth's ghost (journeyman HOFi)
 12585 | D:10     | Found a staircase to the Lair.
 12906 | D:10     | Found a portal to a secret trove of treasure.
 12920 | D:10     | Noticed a two-headed ogre
 12921 | D:10     | Noticed a deep elf pyromancer
 12933 | D:10     | Killed a two-headed ogre
 12933 | D:10     | Killed a deep elf pyromancer
 12934 | D:10     | Reached XP level 12. HP: 84/91 MP: 15/24
 13012 | D:10     | Found an ornate altar of the Wu Jian Council.
 13541 | D:11     | Noticed Grum
 13563 | D:11     | Killed Grum
 13912 | D:11     | Noticed a two-headed ogre
 13912 | D:11     | Noticed a two-headed ogre
 13921 | D:11     | Killed a two-headed ogre
 13956 | D:11     | Killed a two-headed ogre
 14156 | D:11     | Noticed a two-headed ogre
 14176 | D:11     | Killed a two-headed ogre
 14916 | D:12     | Noticed a boulder beetle
 14923 | D:12     | Killed a boulder beetle
 15253 | D:12     | Noticed a two-headed ogre
 15266 | D:12     | Killed a two-headed ogre
 15328 | D:12     | Found Vadevipp's Armour Shop.
 15401 | D:12     | Noticed a yaktaur captain
 15430 | D:12     | Reached XP level 13. HP: 81/98 MP: 18/26
 15431 | D:12     | Killed a yaktaur captain
 15448 | D:12     | Reached skill level 10 in Summonings
 15519 | D:12     | Noticed a frost giant
 15543 | D:12     | Killed a frost giant
 15717 | D:12     | Noticed a storm dragon
 15734 | D:12     | Killed a storm dragon
 16034 | Lair:1   | Entered Level 1 of the Lair of Beasts
 16160 | Lair:1   | Reached skill level 10 in Spellcasting
 16835 | Lair:1   | Reached skill level 10 in Dodging
 17222 | Lair:2   | Noticed Maggie
 17243 | Lair:2   | Killed Maggie
 17384 | Lair:2   | Found a transporter.
 17455 | Lair:2   | Found a transporter.
 17541 | Lair:2   | Found a hole to the Spider Nest.
 17560 | Lair:2   | Reached skill level 10 in Stealth
 18690 | Lair:2   | Noticed turdburglar's ghost (journeyman TrFi)
 18889 | Lair:3   | Reached skill level 10 in Invocations
 18889 | Lair:3   | Reached XP level 14. HP: 105/108 MP: 20/28
 19463 | Lair:3   | Noticed Urug
 19473 | Lair:3   | Killed Urug
 19553 | Lair:3   | Found a runed translucent gate.
 19554 | Lair:3   | Found a runed translucent gate.
 19597 | Lair:3   | Found a runed translucent gate.
 19597 | Lair:3   | Noticed LynnLen's ghost (journeyman SpEn)
 20972 | Lair:4   | You fall into a shaft and drop 1 floor!
 20972 | Lair:5   | Entered Level 5 of the Lair of Beasts
 22527 | Lair:4   | Found a staircase to the Slime Pits.
 26572 | Lair:5   | Reached skill level 10 in Fighting
 26572 | Lair:5   | Reached skill level 10 in Short Blades
 26572 | Lair:5   | Reached skill level 10 in Long Blades
 26572 | Lair:5   | Reached skill level 10 in Axes
 26572 | Lair:5   | Reached skill level 10 in Maces & Flails
 26572 | Lair:5   | Reached skill level 10 in Polearms
 26572 | Lair:5   | Reached skill level 10 in Staves
 26572 | Lair:5   | Reached skill level 10 in Ranged Weapons
 26572 | Lair:5   | Reached skill level 10 in Throwing
 26572 | Lair:5   | Reached skill level 10 in Armour
 26572 | Lair:5   | Reached skill level 10 in Shields
 26572 | Lair:5   | Reached skill level 10 in Unarmed Combat
 26572 | Lair:5   | Reached skill level 10 in Evocations
 27069 | Lair:5   | Reached XP level 15. HP: 108/115 MP: 21/30
 28814 | Orc:1    | Entered Level 1 of the Orcish Mines
 29529 | D:12     | Bought a +3 ring mail of cold resistance for 338 gold
                  | pieces
 29782 | D:12     | Identified the +4 pair of boots of a Gauntlet {rN+ Regen+
                  | Int+4}
 29838 | D:12     | Noticed an iron dragon
 29861 | D:12     | Killed an iron dragon
 30392 | D:12     | Found Guyseme's Antique Armour Shop.
 30425 | D:12     | Found Ylonlosch's Weapon Shop.
 30905 | D:12     | Learned a level 4 spell: Dispel Undead
 30982 | D:13     | Noticed Kirke
 31090 | Orc:2    | Entered Level 2 of the Orcish Mines
 31090 | Orc:2    | Found Taocokh's Antique Weapon Shoppe.
 31234 | Orc:2    | Found a staircase to the Elven Halls.
 31308 | Orc:2    | Found a gate leading to a gauntlet.
 31347 | Gauntlet | Entered a Gauntlet
 31347 | Gauntlet | Found a transporter.
 31347 | Gauntlet | Found a transporter.
 31347 | Gauntlet | Found a transporter.
 31348 | Gauntlet | Found a transporter.
 31351 | Gauntlet | Found a transporter.
 31351 | Gauntlet | Found a transporter.
 31353 | Gauntlet | Found a large runed translucent door.
 31354 | Gauntlet | Found a large runed translucent door.
 31355 | Gauntlet | Found a large runed translucent door.
 31355 | Gauntlet | Found a large runed translucent door.
 31355 | Gauntlet | Found a runed translucent door.
 31355 | Gauntlet | Found a runed translucent door.
 31356 | Gauntlet | Found a large runed translucent door.
 31356 | Gauntlet | Found a large runed translucent door.
 31356 | Gauntlet | Found a large runed translucent door.
 31356 | Gauntlet | Found a large runed translucent door.
 31357 | Gauntlet | Found a large runed translucent door.
 31358 | Gauntlet | Found a large runed translucent door.
 31395 | Gauntlet | Found a large runed translucent door.
 31396 | Gauntlet | Found a large runed translucent door.
 31396 | Gauntlet | Found a large runed translucent door.
 31397 | Gauntlet | Found a runed translucent gate.
 31397 | Gauntlet | Found a runed translucent gate.
 31399 | Gauntlet | Found a transporter.
 31403 | Gauntlet | Found a transporter.
 31407 | Gauntlet | Found a runed translucent gate.
 31409 | Gauntlet | Found a large runed translucent door.
 31410 | Gauntlet | Found a large runed translucent door.
 31411 | Gauntlet | Found a large runed translucent door.
 31418 | Gauntlet | Found a transporter.
 31439 | Gauntlet | Found a transporter.
 31445 | Gauntlet | Found a transporter.
 31449 | Gauntlet | Found a transporter.
 31581 | Gauntlet | Learned a level 3 spell: Swiftness
 31586 | Gauntlet | Learned a level 4 spell: Iskenderun's Mystic Blast
 32199 | Gauntlet | Identified the ring "Deit" {rPois Will+}
 32686 | Orc:2    | Found Ofyoskor's Distillery.
 32725 | Orc:2    | Found Veimepiy's Antique Weapon Boutique.
 32839 | Orc:2    | Bought a potion of berserk rage for 60 gold pieces
 32839 | Orc:2    | Bought a potion of brilliance for 48 gold pieces
 32839 | Orc:2    | Bought a potion of cancellation for 96 gold pieces
 32839 | Orc:2    | Bought a potion of resistance for 120 gold pieces
 32839 | Orc:2    | Bought a potion of heal wounds for 60 gold pieces
 32854 | Orc:2    | Found an ancient bone altar of Kikubaaqudgha.
 32902 | Orc:2    | Found a radiant altar of Vehumet.
 32938 | Orc:2    | Found Weigaemp's Jewellery Boutique.
 32967 | Orc:2    | Found Goapsyvi's Magic Scroll Shop.
 33010 | Orc:2    | Bought a scroll of enchant armour for 97 gold pieces
 33010 | Orc:2    | Bought a scroll of enchant weapon for 97 gold pieces
 33010 | Orc:2    | Bought a scroll of blinking for 97 gold pieces
 33013 | Orc:2    | Bought a scroll of fog for 52 gold pieces
 34054 | D:13     | Noticed Snorg
 34081 | D:13     | Killed Snorg
 34318 | D:13     | Identified the staff of air "Bewo Yrr" {Drain rElec Str+6
                  | Int+2}
 34328 | D:13     | Reached XP level 16. HP: 115/124 MP: 18/32
 34718 | D:13     | Reached skill level 10 in Conjurations
 34937 | D:13     | Upgraded the game from 0.30.1-8-g117510f58f to
                  | 0.30.1-9-gdf580d7c3d
 35193 | D:13     | Killed Kirke
 35260 | D:13     | Identified the staff of poison "Wagummuo" {*Slow rElec
                  | rPois Will+ Stlth+}
 35535 | D:13     | Found a gate to the Vaults.
 36319 | D:14     | Found a broken altar of Ashenzari.
 36706 | D:14     | Found a runed translucent gate.
 36706 | D:14     | Found a runed translucent gate.
 36706 | D:14     | Found a runed translucent gate.
 36706 | D:14     | Noticed laqueoix's ghost (journeyman DsGl)
 36710 | D:14     | Found a basalt altar of Yredelemnul.
 36925 | D:15     | Entered Level 15 of the Dungeon
 37103 | D:15     | Noticed Azrael
 37110 | D:15     | Killed Azrael
 37137 | D:15     | Identified the +1 war axe "Beetle's Undoing" {drain, rF+
                  | Int+2 Dex+2}
 37373 | D:15     | Identified Roxanne's Anthology of Transformation
 37373 | D:15     | Noticed Roxanne
 37529 | D:15     | Found a staircase to the Depths.
 37902 | D:15     | Found an ornate altar of the Wu Jian Council.
 38292 | D:15     | Killed Roxanne
 38293 | D:15     | Reached XP level 17. HP: 133/133 MP: 33/33
 38446 | Spider:1 | Entered Level 1 of the Spider Nest
 38485 | Spider:1 | Noticed Mlioglotl
 38505 | Spider:1 | Killed Mlioglotl
 38547 | Spider:1 | Found a frozen archway.
 38567 | IceCv    | Entered an ice cave
 38606 | IceCv    | Reached skill level 10 in Hexes
 38606 | IceCv    | Reached skill level 10 in Necromancy
 38606 | IceCv    | Reached skill level 10 in Translocations
 38606 | IceCv    | Reached skill level 10 in Transmutations
 38606 | IceCv    | Reached skill level 10 in Fire Magic
 38606 | IceCv    | Reached skill level 10 in Ice Magic
 38606 | IceCv    | Reached skill level 10 in Air Magic
 38606 | IceCv    | Reached skill level 10 in Earth Magic
 38606 | IceCv    | Reached skill level 10 in Poison Magic
 40061 | Spider:1 | Learned a level 7 spell: Malign Gateway
 40129 | Spider:1 | Noticed Josephine
 40143 | Spider:1 | Killed Josephine
 42785 | Spider:2 | Reached XP level 18. HP: 112/141 MP: 28/35
 45060 | Spider:3 | Noticed Bai Suzhen
 45068 | Spider:3 | Learned a level 5 spell: Silence
 45114 | Spider:3 | Killed from afar by Bai Suzhen

Illustrated notes

Levels and vault maps discovered:
D:1:      arrival_aquarium_a, layout_basic
D:2:      layout_loops_corners, minmay_misc_feat_iff, grunt_ministairs_8
D:3:      layout_basic, nicolae_uskayaw_murder_on_the_dancefloor
D:4:      layout_loops_ring, general_overflow_altar,
          lemuel_coloured_pillars_altar, uniq_robin
D:5:      layout_loops_ring, gammafunk_ghost_grave, uniq_ijyb
D:6:      layout_gridville, minmay_temple_entry_junction, uniq_sigmund,
          uniq_edmund, uniq_blork_the_orc
D:7:      layout_basic, uniq_menkaure
D:8:      minmay_opposing_rooms, layout_cave_pools,
          nicolae_gozag_zags_fifth_avenue, tgw_trog,
          minmay_overflow_temple_star_quad, chequers_serial_rivers_micro_b,
          uniq_joseph, uniq_maurice
D:9:      layout_roguey, serial_shops, nicolae_shop_tiny_real_fake_doors,
          minmay_misc_feat_secret_circle, hangedman_tell_no_tales,
          uniq_gastronok
D:10:     layout_basic, mainiacjoe_overflow_24_doors, erik_lair_orcish_takeover,
          gammafunk_ghost_abyssal_escape, nicolae_trove_entry_isolated
D:11:     minmay_razor_zed, layout_grid_maze, uniq_grum
D:12:     layout_rooms, serial_shops, nicolae_take_the_stairs,
          nicolae_stop_n_shop_1, nicolae_shop_bloodbath_and_beyond,
          nicolae_rejected_hall
D:13:     minmay_the_grid_square_5x5_4x4_mashed
          [minmay_the_grid_square_5x5_minibox, minmay_the_grid_square_5x5_comb,
          minmay_the_grid_square_5x5_almost_minimal,
          minmay_the_grid_square_5x5_forky, minmay_the_grid_square_5x5_longway,
          minmay_the_grid_square_5x5_prize_junk,
          minmay_the_grid_square_5x5_prize_gold,
          minmay_the_grid_square_5x5_gyroscope, minmay_the_grid_square_5x5_n,
          minmay_the_grid_square_5x5_prize_deathbox,
          minmay_the_grid_square_5x5_prize_rear_guard,
          minmay_the_grid_square_5x5_six, minmay_the_grid_square_5x5_c,
          minmay_the_grid_square_5x5_empty,
          minmay_the_grid_square_5x5_sharp_hourglass,
          minmay_the_grid_square_5x5_tri_point], layout_loops_ring,
          david_vaults_2, uniq_kirke, uniq_snorg
D:14:     layout_stronghold, nicolae_ashenzari_skybound, serial_column_ruins,
          column_ruins_hut_water, column_ruins_open_small,
          column_ruins_columns_T, column_ruins_grid_1, column_ruins_open_medium,
          column_ruins_open_medium, column_ruins_open_large,
          nicolae_yredelemnul_ghost_church
D:15:     grunt_enter_depths_magical_seal, layout_loops_corners,
          nicolae_wu_jian_immortal_techniques, chequers_mini_garden,
          corner_web_ring, uniq_azrael, uniq_roxanne
Temple:   hellmonk_temple_divided_pantheon
Lair:1:   layout_gridlike, grunt_megastairs_2
Lair:2:   layout_small_grid, nicolae_spider_entry_lesser_pyramids,
          gammafunk_ghost_hive, uniq_maggie
Lair:3:   layout_loops_ring, nicolae_shoals_entry_flooding,
          gammafunk_ghost_hydra_chop, chequers_serial_rivers_micro_d, uniq_urug
Lair:4:   layout_regular_city, minmay_slime_entry_oklob_enclosed
Lair:5:   hangedman_lair_caniforms_friends, layout_gridlike,
          guppyfry_lair_end_dragon
Spider:1: layout_spider_delve, portal_ice_cave_entry_pillars_1, drop_trap,
          uniq_mlioglotl, uniq_josephine
Spider:2: nicolae_spider_hilbert_zone_2 [nicolae_spider_hilbert_4_sides_1_open,
          nicolae_spider_hilbert_4_sides_1_open,
          nicolae_spider_hilbert_4_sides_1_open,
          nicolae_spider_hilbert_4_sides_1_open,
          nicolae_spider_hilbert_6_sides_1_open,
          nicolae_spider_hilbert_6_sides_1_open,
          nicolae_spider_hilbert_3_sides_1_open,
          nicolae_spider_hilbert_3_sides_1_open,
          nicolae_spider_hilbert_3_sides_1_open,
          nicolae_spider_hilbert_3_sides_1_open,
          nicolae_spider_hilbert_6_sides_1_open,
          nicolae_spider_hilbert_6_sides_1_open,
          nicolae_spider_hilbert_6_sides_1_open,
          nicolae_spider_hilbert_6_sides_1_open], drop_trap,
          nicolae_spider_twisty_arc_passages
Spider:3: layout_spider_delve, nicolae_spider_nook, uniq_bai_suzhen
Orc:1:    layout_diamond_mine, nicolae_orc_lost_temple
Orc:2:    kennysheep_orc_mage_school, layout_diamond_mine,
          gauntlet_entry_generic, serial_shops, nicolae_shop_hallway_stairs

Skill      XL: |  1  2  3  4  5  6  7  8  9 10 11 12 13 14 15 16 17 |
---------------+----------------------------------------------------+-----
Spellcasting   | 5 6 7 8 9 10 11 12 13 | 13.5
Invocations    | 1 2 3 4 5 6 7 8 10 11 12 13 | 13.7
Fighting       | 1 2 3 5 6 7 8 9 10 11 12 | 12.7
Short Blades   | 1 2 3 5 6 7 8 9 10 11 12 | 12.7
Long Blades    | 1 2 3 5 6 7 8 9 10 11 12 | 12.7
Axes           | 1 2 3 5 6 7 8 9 10 11 12 | 12.7
Maces & Flails | 1 2 3 5 6 7 8 9 10 11 12 | 12.7
Polearms       | 1 2 3 5 6 7 8 9 10 11 12 | 12.7
Staves         | 1 2 3 5 6 7 8 9 10 11 12 | 12.7
Ranged Weapons | 1 2 3 5 6 7 8 9 10 11 12 | 12.7
Throwing       | 1 2 3 5 6 7 8 9 10 11 12 | 12.7
Armour         | 1 2 3 5 6 7 8 9 10 11 12 | 12.7
Shields        | 1 2 3 5 6 7 8 9 10 11 12 | 12.7
Unarmed Combat | 1 2 3 5 6 7 8 9 10 11 12 | 12.7
Evocations     | 1 2 3 5 6 7 8 9 10 11 12 | 12.7
Conjurations   | 1 2 3 4 5 6 7 8 9 10 12 | 12.3
Hexes          | 1 2 3 4 5 6 7 8 9 10 | 10.7
Necromancy     | 1 2 3 4 5 6 7 8 9 10 | 10.7
Translocations | 1 2 3 4 5 6 7 8 9 10 | 10.7
Transmutations | 1 2 3 4 5 6 7 8 9 10 | 10.7
Fire Magic     | 1 2 3 4 5 6 7 8 9 10 | 10.7
Ice Magic      | 1 2 3 4 5 6 7 8 9 10 | 10.7
Air Magic      | 1 2 3 4 5 6 7 8 9 10 | 10.7
Earth Magic    | 1 2 3 4 5 6 7 8 9 10 | 10.7
Poison Magic   | 1 2 3 4 5 6 7 8 9 10 | 10.7
Dodging        | 5 6 7 8 9 10 11 12 13 | 13.4
Stealth        | 5 6 7 8 9 10 11 12 13 | 13.3
Summonings     | 8 9 10 11 12 | 12.8

Action                     |  1- 3 |  4- 6 |  7- 9 | 10-12 | 13-15 | 16-18 || total
---------------------------+-------+-------+-------+-------+-------+-------++-------
  Melee: Unarmed           |     5 |       |       |       |       |       ||     5
         Bite              |     1 |     8 |     5 |    29 |   139 |   172 ||   354
         Dagger            |     6 |    47 |       |       |   618 |       ||   671
         Short sword       |       |    64 |    38 |   164 |       |       ||   266
         Punch             |       |     1 |       |    13 |       |       ||    14
         Kick              |       |       |       |     3 |    92 |   311 ||   406
         Headbutt          |       |       |       |     2 |    62 |   212 ||   276
         Pair of quick bla |       |       |       |       |   148 |   934 ||  1082
   Cast: Summon Small Mamm |    30 |    21 |    15 |    16 |    33 |     2 ||   117
         Call Imp          |    11 |    12 |    14 |    13 |    25 |     5 ||    80
         Call Canine Famil |     4 |    16 |    29 |    44 |    82 |    11 ||   186
         Summon Guardian G |       |     3 |    20 |    41 |    82 |    15 ||   161
         Summon Lightning  |       |       |     9 |    37 |   136 |    18 ||   200
         Beastly Appendage |       |       |       |     1 |     9 |    43 ||    53
         Wereblood         |       |       |       |     1 |     8 |    44 ||    53
         Swiftness         |       |       |       |       |     5 |     2 ||     7
         Dispel Undead     |       |       |       |       |     1 |     6 ||     7
         Silence           |       |       |       |       |       |     1 ||     1
 Invoke: Potion Petition   |       |       |       |       |     2 |       ||     2
Ability: Evoke Invisibilit |       |       |       |       |       |     1 ||     1
  Evoke: Wand              |       |       |       |       |    15 |     6 ||    21
    Use: Scroll            |       |     5 |     4 |    10 |    12 |     3 ||    34
         Potion            |       |       |     1 |     4 |     6 |     5 ||    16
   Stab: Sleeping          |     1 |     7 |     7 |     6 |     7 |     8 ||    36
         Distracted        |       |       |       |     3 |     9 |     7 ||    19
         Betrayed ally     |       |       |       |     1 |     1 |       ||     2
 Armour: Robe              |     2 |       |       |       |       |       ||     2
         Leather armour    |       |    40 |    19 |    77 |   139 |       ||   275
         Ring mail         |       |       |       |       |    71 |   227 ||   298
  Dodge: Dodged            |    12 |    72 |    51 |   174 |   402 |   261 ||   972
  Block: Other             |       |       |       |    21 |    25 |   101 ||   147
         Kite shield       |       |       |       |    27 |   836 |       ||   863
         Reflection        |       |       |       |     6 |    28 |     6 ||    40
